 Dungeon Crawl Stone Soup version 0.31-a0-833-gc15d34cb79 (webtiles) character file.

Game seed: 12697398612179654735

49 Hubris850 the Chopper (level 3, -2/28 HPs)
             Began as a Demonspawn Gladiator on Sept 25, 2023.
             Splashed by a jelly's acid (3 damage)
             ... on level 1 of the Dungeon.
             The game lasted 00:00:39 (47 turns).

Hubris850 the Chopper (Demonspawn Gladiator)          Turns: 47, Time: 00:00:40

Health: -2/28      AC:  6    Str: 16    XL:     3   Next: 51%
Magic:  3/3        EV: 12    Int:  9    God:
Gold:   0          SH:  0    Dex: 14    Spells: 2/2 levels left

rFire   . . .        a - +0 war axe
rCold   . . .        (no shield)
rNeg    . . .        b - +0 leather armour
rPois   .            c - +0 helmet
rElec   .            (no cloak)
rCorr   .            (no gloves)
SInv    .            (no boots)
Will    .....        (no amulet)
Stlth   +            (no ring)
HPRegen 0.24/turn    (no ring)
MPRegen 0.08/turn

%: no passive effects
@: corroded, sanguine armoured
A: sanguine armour 1
a: no special abilities


You were on level 1 of the Dungeon.
You visited 1 branch of the dungeon, and saw 1 of its levels.

Inventory:

Hand Weapons
 a - a +0 war axe (weapon)
Missiles
 d - 3 throwing nets (quivered)
Armour
 b - a +0 leather armour (worn)
 c - a +0 helmet (worn)


   Skills:
 + Level 2.6 Fighting
 + Level 3.1 Axes
 + Level 2.3 Throwing
 + Level 3.1 Dodging


You had 2 spell levels left.
You didn't know any spells.
Your spell library was empty.

Dungeon Overview and Level Annotations

Branches:
Dungeon (1/15)

Altars:


Innate Abilities, Weirdness & Mutations

When seriously injured, your blood forms armour. (AC +6)


Message History

You kill the jackal!
You hit the jelly. The acid corrodes you!
Your hands burn!
The jelly is lightly wounded.
The jelly hits you.
You are splashed with acid!
Your blood congeals into armour.
The rat twitches its whiskers.
The jelly barely misses you.
You are too injured to fight recklessly!
You are too injured to fight recklessly!
You slash the jelly!
Your hands burn!
The jelly is severely wounded.
The endoplasm jiggles.
The jelly hits you but does no damage.
You hit the jelly.
Your hands burn!
* * * LOW HITPOINT WARNING * * *
The jelly is almost dead.
The jelly hits you but does no damage.
You hit the jelly.
Your hands burn!
* * * LOW HITPOINT WARNING * * *
The jelly is almost dead.
The jelly hits you but does no damage. x2
You slash the jelly!
You kill the jelly!
Your Axes skill increases to level 3!
Your Dodging skill increases to level 3!
You have reached level 3!
Your experience leads to an increase in your attributes!
Increase (S)trength, (I)ntelligence, or (D)exterity?
You feel stronger. x2
You hit the giant cockroach but do no damage.
The giant cockroach bites you but does no damage.
The giant cockroach barely misses you.
You slash the giant cockroach!
You kill the giant cockroach!
The jelly hits you.
* * * LOW HITPOINT WARNING * * *
You are splashed with acid.
* * * LOW HITPOINT WARNING * * *
You hit the jelly but do no damage.
Your hands burn!
You die...

###+#######+###
#..⌠...>...⌠..#
#......<......#
+⌠....###....⌠+
#......@†.....#
#######J#######
....JJJ..
......r.....
#......(......#
###############


You could see a jelly, 3 endoplasms and a rat.

Vanquished Creatures
  A jelly (D:1)
  2 endoplasms (D:1)
  4 giant cockroaches (D:1)
  4 jackals (D:1)
  5 rats (D:1)
16 creatures vanquished.

Notes
Turn   | Place    | Note
-------+----------+-------------------------------------------
     0 | D:1      | Hubris850 the Demonspawn Gladiator began the quest for the
                  | Orb.
     0 | D:1      | Reached XP level 1. HP: 16/16 MP: 1/1
     1 | D:1      | Found a runed translucent door.
     4 | D:1      | Noticed a jelly
     4 | D:1      | Noticed a jelly
    23 | D:1      | Gained mutation: When seriously injured, your blood forms
                  | armour. (AC +6) [demonic ancestry]
    23 | D:1      | Reached XP level 2. HP: 22/22 MP: 2/2
    45 | D:1      | Reached XP level 3. HP: 6/28 MP: 3/3
    46 | D:1      | HP: 1/28 [acid (5)]
    47 | D:1      | Splashed by a jelly's acid

Illustrated notes

Levels and vault maps discovered:
D:1:      dpeg_arrival_caged_fury, layout_loops_ring, chequers_arboretum,
          minmay_fountain_box

Skill      XL: |  1  2 |
---------------+-------+-----
Throwing       | 2 |  2.3
Axes           | 3 |  3.1
Dodging        | 3 |  3.1
Fighting       | |  2.6

Action                     || total
---------------------------++-------
  Melee: War axe           ||    40
         Punch             ||     2
  Throw: Javelin           ||     1
 Armour: Leather armour    ||    21
  Dodge: Dodged            ||    35

Table legend: (Time is in decaauts)
 A = Elapsed time spent in this place.
 B = Non-inter-level travel time spent in this place.
 C = Inter-level travel time spent in this place.
 D = Time resting spent in this place.
 E = Time spent auto-exploring this place.
 F = Levels seen in this place.
 G = Mean time per level.
                   A        B        C        D        E       F      G
               +--------+--------+--------+--------+--------+-----+--------+
         Total |     61 |     61 |      0 |      0 |      1 |   1 |   61.0 |
       Dungeon |     61 |     61 |      0 |      0 |      1 |   1 |   61.0 |
               +--------+--------+--------+--------+--------+-----+--------+

Top non-repeatable levels by time:
     D:1: 61 daAuts
